 Dungeon Crawl Stone Soup version 0.29.1-2-gbd0b4ee654 (webtiles) character file.

Game seed: 10524825024366283893

32655 qeuew the Cleaver (level 13, -8/118 HPs)
             Began as a Hill Orc Fighter on Nov 14, 2022.
             Was a Priest of Ashenzari.
             Mangled by an orc warlord
             ... wielding a +0 war axe
              (25 damage)
             ... on level 1 of the Orcish Mines.
             The game lasted 00:22:08 (14061 turns).

qeuew the Cleaver (Hill Orc Fighter)               Turns: 14061, Time: 00:22:09

Health: -8/118     AC: 19    Str: 26    XL:     13   Next: 65%
Magic:  13/13      EV: 17    Int:  8    God:    Ashenzari [***...]
Gold:   141        SH:  9    Dex: 20    Spells: 12/12 levels left

rFire   . . .      SeeInvis +   a - +0 war axe
rCold   x . .      Faith    .   c - +1 buckler
rNeg    . . .      Spirit   .   b - +0 scale mail
rPois   +          Reflect  .   j - +0 helmet of the Ruined Cosmos {Fort, Bglg} (curse)
rElec   .          Harm     .   u - +1 cloak "Visionary of Ashenzari" {Will+, Melee, Cun} (curse)
rCorr   .          Rampage  .   f - +2 pair of gloves "Oracular Agnosticism" {Regen+, Cun, Range} (curse)
Will    +....      Clarity  +   x - +1 pair of boots "Circumscribed Together" {rPois rC- SInv, Melee, Evo} (curse)
Stlth   ..........              (no amulet)
HPRegen 1.09/turn               m - +6 ring of dexterity
MPRegen 0.13/turn               B - ring "Mantic Boredom" {Str+6, Evo, Melee} (curse)

@: studying Armour, invisible
A: no striking features
a: Renounce Religion, Curse Item, Shatter the Chains


You were on level 1 of the Orcish Mines.
You worshipped Ashenzari.
Ashenzari was most pleased with you.
You visited 4 branches of the dungeon, and saw 20 of its levels.
You also visited: Bailey.

You collected 1501 gold pieces.
You spent 1360 gold pieces at shops.

Inventory:

Hand Weapons
 a - a +0 war axe (weapon)
Missiles
 i - 4 javelins
Armour
 b - a +0 scale mail (worn)
 c - a +1 buckler (worn)
 f - the cursed +2 pair of gloves "Oracular Agnosticism" (worn) {Regen+, Cun, Range}
   (You acquired it on level 1 of the Dungeon)

   Regen:     It increases your rate of health regeneration.
   It has a curse which improves the following skills: Cunning: Dodging and
   Stealth.
   Ranged Combat: Ranged Weapons and Throwing.
 j - the cursed +0 helmet of the Ruined Cosmos (worn) {Fort, Bglg}
   (You found it on level 2 of the Dungeon)

   It has a curse which improves the following skills: Fortitude: Armour and
   Shields.
   Beguiling: Conjurations, Hexes and Translocations.
 u - the cursed +1 cloak "Visionary of Ashenzari" (worn) {Will+, Melee, Cun}
   (You found it on level 6 of the Dungeon)

   It has a curse which improves the following skills: Melee Combat: Short
   Blades, Long Blades, Axes, Maces & Flails, Polearms, Staves and Unarmed
   Combat.
   Cunning:   Dodging and Stealth.
 x - the cursed +1 pair of boots "Circumscribed Together" (worn) {rPois rC- SInv, Melee, Evo}
   (You found it on level 9 of the Dungeon)

   rC:        It makes you vulnerable to cold.
   rPois:     It protects you from poison.
   SInv:      It lets you see invisible.
   It has a curse which improves the following skills: Melee Combat: Short
   Blades, Long Blades, Axes, Maces & Flails, Polearms, Staves and Unarmed
   Combat.
   Evocations: Evocations.
Jewellery
 e - a ring of flight
 g - a ring of poison resistance
 m - a +6 ring of dexterity (left hand)
 B - the cursed ring "Mantic Boredom" (right hand) {Str+6, Evo, Melee}
   (You found it on level 2 of the Lair of Beasts)

   [ring of strength]

   Str:       It affects your strength (+6).
   It has a curse which improves the following skills: Evocations: Evocations.
   Melee Combat: Short Blades, Long Blades, Axes, Maces & Flails, Polearms,
   Staves and Unarmed Combat.
Wands
 s - a wand of quicksilver (13)
 D - a wand of paralysis (6)
 F - a wand of flame (13) (quivered)
 H - a wand of roots (10)
Scrolls
 h - a scroll of enchant armour
 n - 2 scrolls of poison
 p - a scroll of magic mapping
 r - a scroll of blinking
 v - 2 scrolls of teleportation
 y - 2 scrolls of enchant weapon
 G - a scroll of brand weapon
Potions
 k - 9 potions of haste
 l - 8 potions of curing
 o - 2 potions of cancellation
 q - a potion of ambrosia
 t - 5 potions of brilliance
 w - 4 potions of magic
 C - a potion of mutation
 E - 2 potions of flight


   Skills:
 + Level 12.0 Fighting
 + Level 12.7(15.9) Axes
 + Level 11.1(12.7) Armour
 + Level 7.9(10.4) Dodging
 + Level 11.1(12.7) Shields
 + Level 9.0(11.5) Evocations


You had 12 spell levels left.
You didn't know any spells.
Your spell library contained the following spells:

 Spells                   Type           Power      Damage    Failure   Level
 Beastly Appendage        Tmut           0%         N/A       67%         1
 Foxfire                  Conj/Fire      0%         2x1d4     67%         1
 Wereblood                Tmut           0%         N/A       82%         2
 Conjure Flame            Conj/Fire      0%         6-21      95%         3
 Gell's Gravitas          Tloc           0%         N/A       95%         3
 Inner Flame              Hex/Fire       0%         N/A       95%         3
 Teleport Other           Tloc           0%         N/A       95%         3
 Frozen Ramparts          Ice            0%         1d1       96%         3
 Ignite Poison            Fire/Tmut/Pois 0%         N/A       96%         3
 Ozocubu's Armour         Ice            0%         N/A       96%         3
 Spider Form              Tmut/Pois      0%         N/A       96%         3
 Flame Wave               Conj/Fire      0%         2d4       100%        4
 Ice Form                 Ice/Tmut       0%         N/A       100%        4
 Sticky Flame             Conj/Fire      0%         2d3       100%        4
 Summon Ice Beast         Ice/Summ       0%         N/A       100%        4
 Summon Lightning Spire   Summ/Air       0%         N/A       100%        4
 Dispersal                Tloc           0%         N/A       100%        6
 Ozocubu's Refrigeration  Ice            0%         4d7       100%        7
 Storm Form               Tmut/Air       0%         N/A       100%        7
 Maxwell's Capacitive Co  Air            0%         ∞         100%        8


Dungeon Overview and Level Annotations

Branches:
Dungeon (13/15) Temple (0/1) D:5 Lair (4/5) D:10 Shoals (1/4) Lair:3 Spider (0/4) Lair:3 Orc (2/2) D:12 Elf (0/3) Orc:1 Orc:2 Vaults (0/5) D:13 Bailey (visited) Slime: Lair:4-5

Altars:
Ashenzari
Elyvilon
Gozag
Kikubaaqudgha
Okawaru
Qazlal
Ru
Uskayaw
Wu Jian
Yredelemnul
Beogh
Jiyva

Shops:
D:3 =   D:6 (   D:11 :

Annotations:
D:9 3 runed translucent doors, avis's ghost, novice HOMo
D:13 Frances
Shoals:1 exclusion: orange crystal statue


Message History

The orc warlord blocks your attack. The warg bites you but does no damage.
You slash the warg!
The warg is almost dead.
The orc warlord blocks your attack. The warg closely misses you.
The orc warlord hits you with a +0 war axe.
You are too injured to fight recklessly!
You are too injured to fight recklessly!
You are too injured to fight recklessly!
You are too injured to fight recklessly!
You are too injured to fight recklessly!
You are too injured to fight recklessly!
You are too injured to fight recklessly!
You are too injured to fight recklessly!
You are too injured to fight recklessly!
You are too injured to fight recklessly!
You are too injured to fight recklessly!
You are too injured to fight recklessly!
You are too injured to fight recklessly!
You are too injured to fight recklessly!
You are too injured to fight recklessly!
You slash the orc warlord!
The orc warlord is moderately wounded.
You hit the warg.
You kill the warg!
The orc warlord hits you with a +0 war axe.
The orc warlord blocks your attack.
The orc warlord is moderately wounded.
The orc warlord blocks your attack.
The orc warlord is moderately wounded.
The orc warlord hits you with a +0 war axe!!
You barely miss the orc warlord.
The orc warlord is moderately wounded.
You block the orc warlord's attack. The orc warlord blocks your attack.
The orc warlord is moderately wounded.
The orc warlord hits you with a +0 war axe!!
* * * LOW HITPOINT WARNING * * *
You fade into invisibility!
The orc warlord hits you with a +0 war axe!!
You die...

######......#...[.....###
##.###...........).......##
#...###.........[[...#....#
##....#..................##
##............#..........##
#.........................#
##.##.#..................##
##.................#...##
#....#.....@..........####
###.##.....o.........).)#.##
##.###.................))...##
####....##................[.....#
#.#.#..................#.......##
.....##.........................#
#......##.#......................
###............#....##........#.#
###..##.#..#####.####.##.#.####


You could see an orc warlord (unable to see you).

Vanquished Creatures
  A fire dragon (Lair:3)
  2 vault guards
  A boulder beetle (D:13)
  A centaur warrior (D:13)
  A two-headed ogre (D:9)
  Urug (D:11)
  Sonja (D:12)
  A sea snake (Lair:3)
  Pikel (D:8)
  2 wolf spiders (Lair:3)
  4 orc knights
  3 orc sorcerers (Orc:1)
  A cyclops (D:12)
  3 elephants (Lair:3)
  4 cane toads
  2 unseen horrors
  2 gargoyles (D:11)
  Maggie (D:8)
  3 komodo dragons
  A kobold demonologist (D:12)
  2 rime drakes
  3 trolls
  A hornet (D:11)
  A raiju (shapeshifter) (D:13)
  A wind drake (Lair:3)
  3 polar bears
  A snapping turtle (Lair:3)
  4 blink frogs (Lair:3)
  Sigmund (D:4)
  2 vampires (D:9)
  3 shadows
  A wyvern (D:9)
  A wraith (D:10)
  2 basilisks (Lair:3)
  27 yaks
  A redback (Lair:3)
  A steam dragon (D:7)
  2 wargs (Orc:1)
  An acid dragon (D:8)
  Duvessa (D:4)
  7 water moccasins
  An ice beast (D:7)
  13 orc warriors
  4 black bears
  4 ogres (Orc:1)
  9 wolves
  7 centaurs
  A phantom (D:5)
  A kobold brigand (D:7)
  11 bullfrogs
  2 necrophages
  6 scorpions
  4 wights
  Dowan (D:4)
  The ghost of Algorand the Trooper, a weakling DjEn (D:3)
  14 killer bees
  An electric eel (Lair:3)
  5 howler monkeys
  3 jellies
  5 hounds
  10 orc priests
  6 iguanas
  14 orc wizards
  Robin (D:2)
  4 adders
  2 white imps
  An ufetubus (D:6)
  3 dart slugs
  63 orcs
  7 ball pythons
  7 bats
  3 endoplasms (D:3)
  2 giant cockroaches
  23 goblins
  6 hobgoblins
  6 jackals
  10 kobolds
  5 quokkas
  A frilled lizard (D:3)
  4 rats
373 creatures vanquished.

Vanquished Creatures (collateral kills)
  A hydra (D:12)
  A two-headed ogre (D:12)
  A basilisk (D:12)
3 creatures vanquished.

Vanquished Creatures (others)
  An orc priest (Orc:1)
  2 fire vortices (Lair:1)
  26 fungi
  33 plants
62 creatures vanquished.

Grand Total: 438 creatures vanquished

Notes
Turn   | Place    | Note
-------+----------+-------------------------------------------
     0 | D:1      | qeuew the Hill Orc Fighter began the quest for the Orb.
     0 | D:1      | Reached XP level 1. HP: 19/19 MP: 1/1
    98 | D:1      | Found a faded altar of an unknown god.
   238 | D:1      | Found an ornate altar of the Wu Jian Council.
   249 | D:1      | Reached XP level 2. HP: 25/27 MP: 2/2
   783 | D:1      | Identified a scroll of acquirement
   783 | D:1      | Acquired the +2 pair of gloves of Voametto {Regen+}
   921 | D:2      | Reached XP level 3. HP: 33/33 MP: 3/3
  1035 | D:2      | Noticed Robin
  1049 | D:2      | Killed Robin
  1141 | D:2      | Reached XP level 4. HP: 40/40 MP: 4/4
  1680 | D:3      | Found a runed translucent door.
  1680 | D:3      | Noticed Algorand's ghost (weakling DjEn)
  1706 | D:3      | Killed Algorand's ghost
  1707 | D:3      | Reached skill level 1 in Dodging
  1707 | D:3      | Reached XP level 5. HP: 40/47 MP: 5/5
  1920 | D:3      | Found a basalt altar of Yredelemnul.
  1946 | D:3      | Reached XP level 6. HP: 49/55 MP: 6/6
  2058 | D:3      | Found Movoghir's Jewellery Shoppe.
  2093 | D:3      | Found a sacrificial altar of Ru.
  2580 | D:4      | Reached skill level 5 in Fighting
  2794 | D:4      | Found a broken altar of Ashenzari.
  2832 | D:4      | Became a worshipper of Ashenzari the Shackled
  2855 | D:4      | Found a stormy altar of Qazlal.
  2895 | D:4      | Noticed Duvessa
  2895 | D:4      | Noticed Dowan
  2908 | D:4      | Killed Duvessa
  2909 | D:4      | Reached XP level 7. HP: 61/61 MP: 7/7
  2919 | D:4      | Killed Dowan
  2920 | D:4      | Reached skill level 5 in Axes
  3093 | D:4      | Noticed Sigmund
  3119 | D:4      | Killed Sigmund
  3120 | D:4      | Reached skill level 5 in Armour
  3120 | D:4      | Reached skill level 5 in Shields
  3128 | D:4      | Found an opulent altar of Gozag.
  3220 | D:5      | Entered Level 5 of the Dungeon
  3334 | D:5      | Found a staircase to the Ecumenical Temple.
  3344 | D:5      | Found a hide-covered altar of Uskayaw.
  3478 | D:5      | Reached skill level 1 in Evocations
  3496 | D:5      | Reached XP level 8. HP: 70/70 MP: 8/8
  4087 | D:6      | Found Weomud's Antique Weapon Shop.
  4261 | D:6      | Noticed a troll
  4279 | D:6      | Killed a troll
  4613 | D:6      | Reached XP level 9. HP: 78/78 MP: 9/9
  4920 | D:7      | Found an iron altar of Okawaru.
  5138 | D:7      | Reached * piety under Ashenzari
  5545 | D:8      | Identified the +2 ring mail of the Meadowlark {Rampage
                  | Regen+}
  5839 | D:8      | Reached XP level 10. HP: 64/88 MP: 10/10
  5950 | D:8      | Noticed Maggie
  5965 | D:8      | Killed Maggie
  6284 | D:8      | Noticed Pikel
  6300 | D:8      | Killed Pikel
  6301 | D:8      | Reached skill level 5 in Evocations
  6433 | D:9      | Reached skill level 5 in Dodging
  6457 | D:9      | Found an ancient bone altar of Kikubaaqudgha.
  6758 | D:9      | Noticed a two-headed ogre
  6772 | D:9      | Killed a two-headed ogre
  6884 | D:9      | Found a runed translucent gate.
  6884 | D:9      | Found a runed translucent gate.
  6885 | D:9      | Found a runed translucent gate.
  6885 | D:9      | Noticed avis's ghost (novice HOMo)
  6885 | D:9      | Identified the +1 pair of boots of Cuucat {rPois rC- SInv}
  6954 | D:9      | Identified the +6 sling of the Several Olives {vorpal, rF+
                  | rC++ Str-2}
  6955 | D:9      | Noticed a two-headed ogre
  7000 | D:9      | Reached ** piety under Ashenzari
  7491 | D:9      | Found a viscous altar of Jiyva.
  7532 | D:10     | Entered Level 10 of the Dungeon
  7543 | D:10     | Noticed an unseen horror
  7562 | D:10     | Killed an unseen horror
  7563 | D:10     | Reached XP level 11. HP: 94/97 MP: 11/11
  7819 | D:10     | Found a flagged portal.
  7833 | Bailey   | Entered a bailey
  7994 | Bailey   | Noticed an orc knight
  8009 | Bailey   | Killed an orc knight
  8031 | Bailey   | Noticed an orc knight
  8035 | Bailey   | Noticed an orc knight
  8179 | D:10     | Reached skill level 10 in Axes
  8249 | D:10     | Found a staircase to the Lair.
  8331 | D:10     | Found an ornate altar of the Wu Jian Council.
  8529 | D:10     | Found a white marble altar of Elyvilon.
  8706 | Lair:1   | Entered Level 1 of the Lair of Beasts
  9058 | Lair:1   | Found the +8 arc blade {discharge, rElec}
  9166 | Lair:1   | Reached skill level 10 in Fighting
 10189 | Lair:3   | Reached XP level 12. HP: 79/106 MP: 12/12
 10328 | Lair:3   | Found a hole to the Spider Nest.
 10486 | Lair:3   | Noticed a five-headed hydra
 10489 | Lair:3   | Noticed a fire dragon
 10489 | Lair:3   | a five-headed hydra changed into a fire dragon
 10504 | Lair:3   | Killed a fire dragon
 10697 | Lair:3   | Reached skill level 10 in Armour
 11011 | Lair:3   | Reached skill level 10 in Shields
 11230 | Lair:3   | Found a staircase to the Shoals.
 11285 | Lair:4   | Noticed an eight-headed hydra
 11286 | Lair:4   | Noticed a storm dragon
 11286 | Lair:4   | an eight-headed hydra changed into a storm dragon
 11348 | Shoals:1 | Entered Level 1 of the Shoals
 11443 | Shoals:1 | Noticed a merfolk impaler
 11443 | Shoals:1 | Noticed a centaur warrior
 11517 | Lair:4   | Noticed a seven-headed hydra
 11617 | D:11     | Noticed Urug
 11633 | D:11     | Killed Urug
 11739 | D:11     | Found Ughora's Book Shoppe.
 11929 | D:11     | Paralysed by a hornet for 2 turns
 12005 | D:11     | Reached XP level 13. HP: 109/116 MP: 13/13
 12376 | D:12     | Found a staircase to the Orcish Mines.
 12529 | D:12     | Noticed Sonja
 12539 | D:12     | Killed Sonja
 12679 | D:12     | Reached *** piety under Ashenzari
 12902 | D:13     | Noticed a vault guard
 12902 | D:13     | Noticed a vault guard
 12903 | D:13     | Found a gate to the Vaults.
 12903 | D:13     | Noticed a vault guard
 12903 | D:13     | Noticed a vault guard
 12928 | D:13     | Killed a vault guard
 12936 | D:13     | Noticed Frances
 12940 | D:12     | Killed a vault guard
 12997 | Orc:1    | Entered Level 1 of the Orcish Mines
 13281 | Orc:1    | Paralysed by an orc sorcerer for 3 turns
 13767 | Orc:1    | Found a roughly hewn altar of Beogh.
 13978 | D:11     | Bought a manual of Armour for 1360 gold pieces
 14004 | Orc:2    | Entered Level 2 of the Orcish Mines
 14043 | Orc:2    | Noticed an orc warlord
 14043 | Orc:2    | Found a staircase to the Elven Halls.
 14061 | Orc:1    | Mangled by an orc warlord

Illustrated notes

Levels and vault maps discovered:
D:1:      tarquinn_simple_flora_water_f, layout_loops_ring,
          nicolae_ecumenical_lake_church, chequers_jeans, minmay_hexomino_r4
D:2:      layout_loops_ring, uniq_robin
D:3:      layout_basic, yredelemnul_altar_generic, marbit_many_paths,
          hellmonk_ghost_happy_afterlife, serial_shops, shop,
          grunt_ministairs_3, roderic_lattice_a, minmay_misc_feat_rugged,
          minmay_fountain_box, nrook_mini_backslash, minmay_ruptured
D:4:      layout_rooms, mainiacjoe_overflow_alcove_2,
          nicolae_qazlal_general_emergency, lemuel_doored_altar, uniq_duvessa,
          uniq_sigmund
D:5:      layout_basic, mainiacjoe_overflow_tiny_flanked,
          minmay_temple_entry_drinking_statues
D:6:      layout_basic, serial_shops, nicolae_shop_advertising_works
          [nicolae_subvault_shop_adworks], nicolae_figureground_pulse
D:7:      layout_basic, okawaru_trees_2
D:8:      layout_loops_ring, uniq_pikel, uniq_maggie
D:9:      minmay_angry_zag, layout_basic, nicolae_kikubaaqudgha_miasma_corner,
          gammafunk_ghost_ooze, nicolae_fountain_basement
D:10:     layout_loops_ring, general_overflow_altar,
          pdpol_wu_jian_five_deadly_venoms, due_lair_maze_entry_diamond,
          enter_bailey_5
D:11:     layout_roguey, serial_shops, nicolae_shop_competitors_out_of_business,
          uniq_urug
D:12:     layout_rooms, orc_0_dummy, minmay_misc_feat_room,
          nicolae_two_hexagons, uniq_sonja
D:13:     layout_cave_pools, lightli_vaults_fourway_checkpoint,
          guppyfry_shop_earth, uniq_frances
Lair:1:   layout_gridlike, small_statue_intersection,
          nicolae_quartered_pool_impasse
Lair:2:   layout_hall_layers
Lair:3:   layout_regular_city, minmay_shoals_entry_hut,
          spider_nest_entry_funnel_web, serial_bayou_shore_a
Lair:4:   layout_regular_city, beast_lair_carwin_11, grunt_megastairs_2,
          uniq_nessos
Shoals:1: layout_shoals, dpeg_stationary_puzzle
Orc:1:    nicolae_orc_accident_2, layout_caves
Orc:2:    hellmonk_orc_salted, layout_caves, serial_shops,
          nicolae_shop_bloodbath_and_beyond, nicolae_orc_tapped_out, uniq_snorg,
          uniq_rupert, uniq_maurice

Skill      XL: |  1  2  3  4  5  6  7  8  9 10 11 12 13 |
---------------+----------------------------------------+-----
Axes           | 3 4 5 6 8 9 10 11 12 | 12.7
Fighting       | 4 5 6 7 9 10 11 12 | 12.0
Armour         | 4 5 6 7 8 9 10 11 | 11.1
Dodging        | 1 2 3 4 5 6 7 |  7.9
Shields        | 4 5 6 7 8 9 10 11 | 11.1
Evocations     | 1 2 4 5 7 8 9 |  9.0

Action                   |  1- 3 |  4- 6 |  7- 9 | 10-12 | 13-15 || total
-------------------------+-------+-------+-------+-------+-------++-------
Melee: War axe           |    82 |   150 |   313 |   895 |   281 ||  1721
Invok: Curse Item        |       |       |     2 |     2 |     1 ||     5
Evoke: Wand              |       |       |       |     6 |       ||     6
  Use: Scroll            |     3 |     2 |    10 |     2 |     2 ||    19
       Potion            |       |     4 |     2 |     7 |     2 ||    15
 Stab: Invisible         |       |       |       |     3 |       ||     3
Armor: Scale mail        |    48 |    82 |   144 |   417 |    63 ||   754
Dodge: Dodged            |    39 |    89 |   159 |   636 |   145 ||  1068
Block: Buckler           |    17 |    39 |   125 |   440 |    89 ||   710
